 Dungeon Crawl Stone Soup version 0.16.1-51-g6203257 (webtiles) character file.

199 uhvn the Sneak (level 5, -3/26 HPs)
             Began as a Vine Stalker Enchanter on July 10, 2015.
             Was a Follower of Nemelex Xobeh.
             Slain by an iguana (4 damage)
             ... on level 4 of the Dungeon.
             The game lasted 00:11:33 (2074 turns).

uhvn the Sneak (Vine Stalker Enchanter)             Turns: 2074, Time: 00:11:33

Health: -3/26      AC:  3    Str: 10    XL:     5   Next: 77%
Magic:  0/13       EV: 13    Int: 15    God:    Nemelex Xobeh [*.....]
Gold:   163        SH:  0    Dex: 16    Spells: 2 memorised, 7 levels left

rFire  . . .     SeeInvis .     i - +1 dagger (drain)
rCold  . . .     Clarity  .     b - +1 robe
rNeg   . . .     SustAb   .     (no shield)
rPois  .         Gourm    .     (no helmet)
rElec  .         Spirit   +     (no cloak)
rCorr  .         Warding  .     (no gloves)
rMut   .         Stasis   .     (no boots)
MR     .....                    (no amulet)
Stlth  +++.......               (no ring)
                                m - ring of teleport control

@: lethally poisoned (-3 -> -4), very slightly contaminated, not resistant to
hostile enchantments, fairly stealthy
A: fangs 2, regeneration 1, magic shield, antimagic bite, no device heal 3, rot
immunity
a: Renounce Religion, Evoke Teleport Control


You were on level 4 of the Dungeon.
You worshipped Nemelex Xobeh.
Nemelex Xobeh was aware of your devotion.
You were hungry.

You visited 1 branch of the dungeon, and saw 4 of its levels.

You collected 163 gold pieces.

Inventory:

Hand weapons
 a - a +1 dagger
 i - a +1 dagger of draining (weapon)
Armour
 b - a +1 robe (worn)
Jewellery
 m - a ring of teleport control (left hand)
Scrolls
 g - a scroll of teleportation
 k - 2 scrolls of identify
 r - a scroll of enchant weapon {unknown}
 s - a scroll of recharging {unknown}
 w - a scroll of random uselessness {unknown}
Potions
 e - 3 potions of agility {unknown}
 h - 4 potions of curing {unknown}
 p - a potion of ambrosia {unknown}
 t - a potion of might {unknown}
 u - a potion of cure mutation {unknown}
 x - a potion of restore abilities {unknown}
Books
 c - a book of Maledictions

   Spells                             Type                      Level
   a - Corona                         Hexes                        1
   b - Sure Blade                     Hexes/Charms                 2
   c - Ensorcelled Hibernation        Hexes/Ice                    2
   d - Confuse                        Hexes                        3
   e - Dazzling Spray                 Conjuration/Hexes            3
   f - Enslavement                    Hexes                        4
 l - a Grand Grimoire {highlevel, unknown}

   This book is beyond your current level of understanding.

   Spells                             Type                      Level
   a - Aura of Abjuration             Summoning                    6
   b - Summon Greater Demon           Summoning                    7
   c - Malign Gateway                 Summoning/Translocation      7
   d - Summon Horrible Things         Summoning                    8
Miscellaneous
 q - a plain deck of destruction
Comestibles
 d - 4 bread rations
 f - a beef jerky
 j - 2 meat rations
 n - a royal jelly
 v - a slice of pizza


   Skills:
 * Level 1.8 Fighting
 * Level 2.4 Short Blades
 + Level 2.3 Dodging
 - Level 4.1 Stealth
 * Level 3.4 Spellcasting
 - Level 3.0 Hexes
 + Level 1.3 Ice Magic


You had 7 spell levels left.
You knew the following spells:

 Your Spells              Type           Power        Failure   Level  Hunger
a - Corona                Hex            ##.....      8%          1    None
b - Ensorcelled Hibernat  Hex/Ice        #.....       12%         2    ##.....


Dungeon Overview and Level Annotations

Branches:
Dungeon (4/15)
 Temple: D:4-7

Altars:
Dithmenos
Elyvilon
Nemelex Xobeh
Ru


Innate Abilities, Weirdness & Mutations

You have extremely sharp teeth.
Your natural rate of healing is unusually fast.
When hurt, damage is shared between your health and your magic reserves.
Your bite disrupts and absorbs the magic of your enemies.
Potions and wands cannot restore your health.
You are immune to rotting.


Message History

* * * LOW HITPOINT WARNING * * *
* * * LOW HITPOINT WARNING * * *
You feel sick.
There is a stone staircase leading up here.
Casting: Ensorcelled Hibernation
Confirm with . or Enter, or press ? or * to list all spells.
Aiming: Ensorcelled Hibernation
Press: ? - help, Shift-Dir - straight line, f/p - iguana
Aim: an iguana (lightly wounded, heavily drained, chance 50%)
The iguana resists with some effort.
The iguana closely misses you.
Casting: Ensorcelled Hibernation
Confirm with . or Enter, or press ? or * to list all spells.
Aiming: Ensorcelled Hibernation
Press: ? - help, Shift-Dir - straight line, f/p - iguana
Aim: an iguana (lightly wounded, heavily drained, chance 50%)
The iguana resists with some effort.
* * * LOW HITPOINT WARNING * * *
You feel sick. The iguana bites you.
You die...
Your body disappears without a glow.

#### ##... ###
#..# ...
#####.###.#
..###...)..#.#
>........l@.#
#.########.#.#
#†# .# ... ..
..... ##
.......
...."...#
........>#
........#


You could see an iguana.

Vanquished Creatures
  2 orc wizards (D:3)
  A worker ant (D:4)
  3 adders
  2 worms (D:2)
  A giant gecko (D:1)
  An ooze (D:2)
  5 orcs (D:3)
  6 bats
  10 hobgoblins
  4 quokkas
  3 ball pythons
  4 giant cockroaches
  5 giant newts
  11 goblins
  4 jackals
  8 kobolds
  9 rats
79 creatures vanquished.

Notes
Turn   | Place    | Note
--------------------------------------------------------------
     0 | D:1      | uhvn, the Vine Stalker Enchanter, began the quest for the Orb.
     0 | D:1      | Reached XP level 1. HP: 9/9 MP: 3/3
    60 | D:1      | Reached skill level 1 in Short Blades
   155 | D:1      | Reached XP level 2. HP: 11/13 MP: 3/5
   287 | D:1      | Reached skill level 4 in Stealth
   619 | D:2      | Reached XP level 3. HP: 17/17 MP: 7/7
   774 | D:2      | Reached skill level 1 in Fighting
   830 | D:2      | Learned a level 2 spell: Ensorcelled Hibernation
   908 | D:2      | Reached XP level 4. HP: 19/22 MP: 9/9
  1117 | D:2      | Found a sparkling altar of Nemelex Xobeh.
  1122 | D:2      | Became a worshipper of Nemelex Xobeh the Trickster
  1123 | D:2      | Received a gift from Nemelex Xobeh
  1171 | D:2      | Found a white marble altar of Elyvilon.
  1513 | D:3      | Found a sacrificial altar of Ru.
  1555 | D:3      | Reached XP level 5. HP: 20/25 MP: 11/13
  1863 | D:3      | Found a shadowy altar of Dithmenos.
  1913 | D:3      | Reached skill level 1 in Ice Magic
  2072 | D:4      | HP: 1/26 [poisoned by a worker ant]
  2074 | D:4      | Slain by an iguana

Action                   |  1- 3 |  4- 6 || total
-------------------------+-------+-------++-------
Melee: Dagger            |   105 |   117 ||   222
 Cast: Corona            |    19 |    14 ||    33
       Ensorcelled Hiber |       |     6 ||     6
  Use: Scroll            |       |     2 ||     2
 Stab: Sleeping          |     2 |     8 ||    10
       Invisible         |       |     1 ||     1
       Paralysed         |       |     1 ||     1
  Eat: Chunk             |       |     4 ||     4
